Map: Frozen Temple

Players

ChefSegpa

  • Race: Terran Terran
  • League: Master

Miszu - Winner!

  • Race: Terran Terran
  • League: Master

VOD

Have the link to the VOD?

Description

Time

  • Played on: April 20, 2016, 4:36 p.m.
  • Length: 18:20
Show
View Real Time Build Order
Export as new Build Order

ChefSegpa Terran 

Build Orders: Bio Tank 

Get SALT Encoding   

  12  0:01  SCV  
  13  0:13  SCV  
  14  0:18  Supply Depot  
  14  0:24  Refinery  
  15  0:28  SCV  
  15  0:41  Barracks  
  15  0:45  SCV  
  16  1:00  Barracks  
  16  1:05  SCV  
  17  1:17  SCV  
  18  1:29  Reaper, Orbital Command  
  19  1:36  Supply Depot  
  19  1:47  Reaper  
  20  1:50  Refinery  
  20  1:55  SCV  
  20  2:01  Reaper  
  22  2:10  SCV  
  23  2:19  Reaper  
  24  2:23  SCV  
  24  2:39  Reaper  
  24  2:40  Command Center  
  25  2:45  Factory, SCV  
  26  2:52  Reaper  
  26  2:57  SCV  
  28  3:08  Supply Depot  
  28  3:09  SCV  
  29  3:21  SCV  
  28  3:28  Reaper x2  
  28  3:29  Engineering Bay  
  28  3:32  Factory Tech Lab  
  28  3:33  SCV  
  31  3:36  Starport  
  31  3:55  Cyclone  
  34  3:58  Missile Turret  
  34  3:59  Missile Turret  
  34  4:02  Missile Turret  
  34  4:04  Barracks Reactor  
  34  4:10  SCV  
  34  4:14  Orbital Command  
  35  4:24  Viking  
  35  4:30  Barracks Tech Lab, SCV  
  37  4:44  SCV  
  38  4:51  SCV  
  38  4:52  Marine  
  34  4:53  Marine, Stimpack  
  34  4:57  Marine  
  34  4:59  SCV  
  38  5:03  Bunker  
  38  5:05  Siege Tank  
  38  5:06  SCV  
  42  5:11  Missile Turret  
  42  5:18  SCV  
  42  5:19  Marine  
  40  5:30  Marine, SCV  
  40  5:31  Marine  
  43  5:40  Marine  
  44  5:47  Siege Tank  
  44  5:48  Marine x2  
  48  5:54  Viking  
  50  6:00  SCV  
  50  6:03  Supply Depot  
  50  6:04  SCV  
  51  6:12  SCV  
  51  6:13  Marine  
  51  6:14  Marine  
  51  6:15  Refinery  
  54  6:24  SCV  
  55  6:26  Terran Infantry Weapons Level 1, Marine  
  55  6:27  Supply Depot  
  56  6:33  SCV  
  56  6:37  SCV  
  58  6:43  Starport Reactor, Barracks  
  58  6:45  Barracks, SCV  
  58  6:46  Siege Tank  
  60  6:55  SCV  
  60  6:56  Marine x2  
  60  6:59  Supply Depot  
  64  7:01  Refinery, SCV  
  64  7:07  SCV  
  65  7:13  SCV  
  66  7:15  Marine x2  
  66  7:16  Combat Shields  
  66  7:22  Supply Depot  
  68  7:23  Siege Tank  
  71  7:32  Missile Turret  
  71  7:34  Marine x2  
  71  7:35  SCV  
  74  7:39  Barracks Reactor x2  
  74  7:40  SCV  
  75  7:47  Supply Depot  
  75  7:49  Marine  
  76  7:52  Marine x2  
  76  7:54  Medivac  
  76  7:57  Medivac  
  82  7:59  Siege Tank  
  85  8:08  Marine, SCV  
  87  8:15  Marine x2  
  87  8:16  SCV  
  88  8:20  SCV  
  88  8:23  Marine  
  88  8:24  Marine  
  88  8:25  Medivac  
  93  8:29  SCV  
  93  8:32  Supply Depot, Medivac  
  93  8:33  Supply Depot x2  
  93  8:45  Siege Tank  
  93  8:46  Marine  
  93  8:47  Marine x3  
  93  8:48  Marine x2  
  99  8:54  Supply Depot  
  100  8:56  Supply Depot  
  100  9:03  Terran Infantry Armor Level 1  
  100  9:04  Marine x2, Medivac x2  
  100  9:05  Marine  
  106  9:14  Marine x3  
  109  9:22  Marine x3  
  109  9:23  Siege Tank  
  115  9:32  Marine  
  115  9:36  Command Center  
  116  9:39  Medivac  
  116  9:43  Marine  
  116  9:44  Marine  
  119  9:50  Marine x2  
  119  9:59  Marine x2  
  118  10:00  Siege Tank  
  118  10:01  Marine x2  
  118  10:06  SCV  
  124  10:08  Marine  
  124  10:09  Marine  
  126  10:16  Marine, Medivac  
  126  10:17  Marine  
  126  10:19  Marine x2  
  129  10:31  Marine x2  
  129  10:32  Medivac  
  129  10:34  Marine  
  134  10:47  Marine, Medivac  
  137  10:52  Supply Depot  
  137  10:53  Supply Depot x2  
  137  10:57  Marine x5  
  142  11:16  Marine x4  
  142  11:17  Marine x2  
  148  11:34  Marine x2  
  148  11:37  Marine x3  
  148  11:39  Siege Tank  
  156  11:42  Planetary Fortress  
  156  11:43  SCV x2  
  158  11:55  SCV  
  127  12:22  Marine x4  
  103  12:23  Marine  
  103  12:29  Marine  
  108  12:32  Siege Tank  
  108  12:33  Medivac x2  
  115  12:40  Marine x5  
  115  12:44  Barracks  
  114  12:45  Factory  
  114  12:46  Barracks x2  
  114  12:47  Marine  
  115  12:58  Marine x5  
  117  13:01  Engineering Bay  
  117  13:02  Command Center  
  117  13:04  Marine  
  121  13:06  Armory  
  121  13:16  Marine x5  
  125  13:20  Liberator  
  125  13:22  Marine  
  126  13:32  Marine  
  126  13:33  Marine x2  
  126  13:34  Marine x3  
  129  13:36  Marine x2  
  129  13:37  Siege Tank  
  129  13:40  Marine  
  140  13:49  Marine  
  140  13:51  Marine x3  
  140  13:52  Marine x2  
  140  13:54  Marine  
  147  13:57  Marine  
  147  13:58  Marine  
  147  14:00  Factory Tech Lab  
  149  14:07  Marine  
  149  14:09  Marine x4  
  153  14:10  Marine  
  153  14:12  Marine  
  153  14:15  Marine  
  153  14:16  Marine  
  157  14:37  Marine x3  
  157  14:38  Marine  
  160  14:44  Marine x5  
  161  14:55  Marine x3  
  161  14:59  Marine  
  128  15:03  Marine x3  
  128  15:04  Marine x2  
  129  15:13  Terran Infantry Armor Level 2, Marine x3, Terran Infantry Weapons Level 2  
  132  15:14  Terran Vehicle Weapons Level 1  
  132  15:16  Siege Tank x2  
  132  15:17  Marine  
  132  15:21  Marine x5  
  144  15:30  Marine  
  144  15:31  Marine x2, Refinery  
  144  15:32  Planetary Fortress  
  144  15:35  Marine  
  145  15:39  Marine x5  
  150  15:48  Marine x2  
  150  15:49  Marine  
  153  15:53  Marine  
  113  16:05  Marine x3  
  113  16:06  Marine x5  
  113  16:07  Command Center  
  113  16:10  Marine  
  77  16:23  Marine x4  
  77  16:24  Marine x4  
  79  16:28  Marine  
  79  16:30  Medivac, Siege Tank x2  
  88  16:41  Marine  
  74  16:56  Marine x2  
  74  16:57  Marine x6  
  74  16:58  Marine  
  71  17:14  Marine x3  
  74  17:24  Marine x2  
  76  17:33  Marine  
  77  17:52  Marine  
Show
View Real Time Build Order
Export as new Build Order

Miszu Terran - Winner!

Build Orders: 1/1/1, MMM Bio, Banshee Rush 

Get SALT Encoding   

  12  0:01  SCV  
  13  0:13  SCV  
  14  0:17  Supply Depot  
  14  0:25  SCV  
  15  0:30  Refinery  
  15  0:39  SCV  
  16  0:46  Barracks  
  16  0:51  SCV  
  17  0:57  Refinery  
  17  1:03  SCV  
  18  1:15  SCV  
  19  1:28  SCV  
  20  1:33  Marine  
  20  1:34  Factory  
  21  1:42  Orbital Command  
  21  1:51  Marine  
  22  1:59  Supply Depot  
  21  2:10  SCV  
  23  2:16  Marine  
  23  2:21  Starport  
  23  2:28  Factory Reactor  
  23  2:30  Factory Tech Lab, SCV  
  23  2:36  Marine  
  25  2:40  Supply Depot  
  25  2:42  SCV  
  26  2:54  Marine  
  26  2:55  SCV  
  26  2:56  Factory Reactor  
  26  3:07  Cloaking Field, SCV  
  26  3:08  Banshee  
  26  3:12  Marine  
  31  3:13  Hellion  
  31  3:27  SCV  
  31  3:29  Supply Depot  
  31  3:31  Marine  
  33  3:37  Factory Tech Lab  
  33  3:39  SCV  
  34  3:49  Barracks Reactor  
  34  3:51  Banshee  
  37  3:56  Siege Tank  
  40  4:18  Command Center  
  40  4:20  SCV  
  37  4:40  SCV  
  30  4:53  Siege Tank  
  30  4:54  SCV  
  30  4:56  Viking, Marine x2  
  38  5:05  Barracks  
  38  5:06  Barracks, SCV  
  39  5:14  Marine  
  39  5:18  SCV  
  39  5:30  SCV  
  40  5:36  Marine  
  40  5:37  Marine  
  40  5:38  Siege Tank  
  40  5:42  SCV  
  44  5:54  Starport Reactor, SCV  
  44  5:58  Barracks Tech Lab  
  44  6:01  Orbital Command  
  44  6:07  SCV  
  45  6:13  Stimpack  
  45  6:19  SCV  
  45  6:20  Combat Shields  
  46  6:30  Marine x3  
  46  6:31  SCV  
  50  6:35  Medivac x2  
  50  6:38  SCV  
  56  6:43  Supply Depot, SCV  
  56  6:50  Marine, SCV  
  56  6:51  Marine  
  56  6:52  Marine  
  56  6:53  Marine  
  61  6:55  SCV  
  62  7:01  Refinery  
  62  7:05  Supply Depot, SCV  
  62  7:07  SCV  
  64  7:08  Marine x2  
  64  7:10  Marine  
  64  7:15  Marine  
  64  7:17  Medivac x2, SCV  
  70  7:27  Siege Tank, SCV  
  70  7:29  Supply Depot, SCV  
  75  7:35  Marine  
  75  7:36  Marine x2  
  78  7:44  Supply Depot  
  78  7:51  Supply Depot, Marine, SCV  
  80  7:52  Marine, SCV  
  80  7:53  Supply Depot  
  80  7:56  Marine  
  83  8:02  Marine  
  83  8:03  Siege Tank  
  86  8:05  SCV  
  86  8:06  SCV  
  86  8:09  Marine  
  86  8:10  Marine  
  89  8:18  SCV x2  
  91  8:23  Marine x2  
  93  8:29  Barracks  
  93  8:30  Barracks, SCV x2  
  95  8:42  Marine x2, SCV  
  95  8:43  Siege Tank  
  95  8:45  Medivac x2  
  105  8:52  Marine  
  106  8:56  Engineering Bay  
  106  8:57  Engineering Bay, Refinery  
  106  8:59  Supply Depot  
  106  9:05  Marine  
  106  9:08  Supply Depot, SCV x2  
  106  9:09  Supply Depot  
  109  9:15  Marine  
  110  9:19  Barracks Reactor  
  110  9:20  Barracks Reactor  
  110  9:22  Terran Infantry Weapons Level 1  
  110  9:23  Terran Infantry Armor Level 1  
  110  9:31  Supply Depot  
  109  9:46  Command Center  
  109  9:56  Marine  
  109  9:57  Marine x5  
  109  9:59  Medivac x2  
  119  10:05  Siege Tank  
  122  10:22  Marine  
  117  10:29  Marine x7  
  117  10:30  Medivac  
  126  10:37  Armory  
  126  10:39  Marine  
  127  10:46  Marine  
  127  10:47  Marine  
  129  11:03  Marine x6  
  137  11:04  Marine, Hellion  
  137  11:25  Factory, Siege Tank  
  140  11:26  Refinery, Terran Vehicle Weapons Level 1  
  140  11:28  Terran Infantry Armor Level 2, Terran Infantry Weapons Level 2  
  140  11:31  Refinery  
  136  11:43  Orbital Command  
  136  11:44  SCV x2  
  138  11:52  Sensor Tower  
  138  11:55  Marine  
  138  11:56  SCV x2  
  138  11:57  Medivac  
  143  12:03  Sensor Tower  
  143  12:08  SCV  
  97  12:25  Marine  
  97  12:26  Marine x7  
  97  12:28  SCV  
  97  12:43  Marine  
  98  12:44  Marine x7  
  105  12:56  SCV x2  
  105  12:57  SCV  
  108  13:01  Sensor Tower  
  108  13:02  Siege Tank  
  108  13:05  Factory Tech Lab  
  111  13:08  SCV  
  111  13:09  SCV x2  
  113  13:20  SCV  
  113  13:34  Marine, Siege Tank  
  116  13:35  Marine x6  
  123  13:43  Marine  
  123  13:52  Marine  
  123  13:53  Marine  
  123  13:54  Marine  
  123  13:55  Medivac x2  
  128  13:58  Siege Tank  
  128  14:00  Terran Infantry Weapons Level 3  
  128  14:02  Marine  
  134  14:03  Marine  
  134  14:06  Siege Tank  
  138  14:21  Terran Infantry Armor Level 3  
  138  14:23  Marine x7  
  145  14:32  Marine  
  145  14:38  Siege Tank  
  149  14:41  Marine x5  
  152  14:46  Marine, Siege Tank  
  156  14:57  Marine  
  156  14:58  Marine x2  
  156  14:59  Marine x4  
  151  15:03  Marine  
  148  15:15  Marine  
  148  15:16  Marine x2  
  148  15:17  Marine x4  
  155  15:21  Marine  
  156  15:33  Marine  
  157  15:55  Supply Depot x2  
  157  15:58  Orbital Command  
  157  16:01  Marine x5  
  123  16:15  Siege Tank  
  122  16:21  Marine  
  122  16:25  Marine  
  119  16:26  Marine x6, Hellion  
  128  16:39  Marine  
  129  16:43  Marine  
  129  16:44  Marine x6  
  134  16:47  Siege Tank  
  134  16:48  Siege Tank  
  140  16:56  Marine  
  140  17:01  Marine x5  
  141  17:02  Marine  
  141  17:08  Marine  
  148  17:20  Siege Tank  
  151  17:25  Marine  
  151  17:26  Marine x7  
  157  17:32  Siege Tank  
  160  17:43  Marine x6  
  160  17:44  Marine x2  
Tags
 
Composition
Bio TankMMM Bio
Matchup
TvT
Opening
1/1/1
Race
Terran
Strategy
Banshee Rush
Add a new tag
Caveats
  • Supply blocks, unpowered buildings, or Contaminate may cause inaccurate times.
  • Supply counts are checked every 10 seconds.